 Dungeon Crawl Stone Soup version 0.29.0-15-g675c0067aa (webtiles) character file.

Game seed: 1835894960520190298

10 qw the Sneak (level 2, -1/19 HPs)
             Began as a Gargoyle Delver on Sept 11, 2022.
             Slain by a gnoll
             ... wielding a +0 halberd
              (10 damage)
             ... on level 4 of the Dungeon.
             The game lasted 00:00:02 (73 turns).

qw the Sneak (Gargoyle Delver)                        Turns: 73, Time: 00:00:03

Health: -1/19      AC:  5    Str: 15    XL:     2   Next: 20%
Magic:  2/2        EV: 11    Int: 10    God:
Gold:   18         SH:  0    Dex: 11    Spells: 1/1 levels left

rFire   . . .      SeeInvis .   a - +0 hand axe
rCold   . . .      Faith    .   (no shield)
rNeg    + . .      Spirit   .   b - +0 leather armour
rPois   inf        Reflect  .   (no helmet)
rElec   +          Harm     .   (no cloak)
rCorr   .          Rampage  .   (no gloves)
Will    .....                   (no boots)
Stlth   +++.......              (no amulet)
HPRegen 0.06/turn               (no ring)
MPRegen 0.08/turn               (no ring)

@: no status effects
A: sickness immunity, AC +2, negative energy resistance 1, electricity
resistance, torment resistance 1, petrification resistance
a: no special abilities


You were on level 4 of the Dungeon.
You visited 1 branch of the dungeon, and saw 2 of its levels.

You collected 18 gold pieces.


Innate Abilities, Weirdness & Mutations

You are immune to sickness and miasma.
Your stone body is resilient. (AC +2)
You are immune to poison.
You resist negative energy. (rN+)
You are resistant to electric shocks. (rElec)
You are resistant to unholy torment.
You are immune to petrification.


   Skills:
 - Level 3.2 Fighting
 + Level 2.5 Axes
 - Level 1.5 Dodging
 - Level 5.4 Stealth


You had one spell level left.
You didn't know any spells.
Your spell library was empty.

Inventory:

Hand Weapons
 a - a +0 hand axe (weapon)
Armour
 b - a +0 leather armour (worn)
Wands
 g - a wand of digging (3)
Potions
 f - a potion of haste

Dungeon Overview and Level Annotations

Branches:
Dungeon (5/15)
 Temple: D:4-7

Altars:


Message History

You now have 16 gold pieces.
You see here an adder corpse.
There is a stone staircase leading down here.
You now have 18 gold pieces (gained 2).
Found 6 poisoned darts and a spear.
Found a spear.
Found a stone staircase leading down.
You see here a ring of poison resistance.
Enter note: An orc and a goblin come into view.
The orc is wielding a +1 flail of holy wrath.
The goblin shouts!
You hear a shout! x3
An orc comes into view. It is wielding a +0 club.
A gnoll comes into view. It is wielding a +0 halberd.
The orc shouts! x2
You hit the goblin.
The goblin is severely wounded.
The goblin hits you but does no damage.
You hit the goblin.
You kill the goblin!
An orc comes into view. It is wielding a +0 club.
An orc priest comes into view. It is wielding a +0 dagger.
A gnoll comes into view. It is wielding a +0 club.
Found 3 gold pieces.
A gnoll comes into view. It is wielding a +0 club.
An orc comes into view. It is wielding a +0 flail.
The gnoll hits you from afar with a +0 halberd.
You closely miss the orc.
The gnoll shouts!
You hit the orc. The orc barely misses you.
The orc hits you with a +1 flail of holy wrath.
The gnoll hits you from afar with a +0 halberd.
You hit the orc.
You kill the orc!
You hit the orc but do no damage. The orc closely misses you.
The gnoll hits you from afar with a +0 halberd!
Ouch! That really hurt!
You die...

..... #+####
#..#o#.....#
...gg.....# #
.........# #.
....o...#
#?##go.....#
#.#....o)....##
.......@.>...$.
#.#.....).#####
#.###.#.# #.
#=#.# #. #.# # #.
##.#.# #.##....#
#.####.....###
........##.......


You could see an orc priest, 3 gnolls and 3 orcs.

Vanquished Creatures
  An adder (D:4)
  An orc (D:4)
  A goblin (D:4)
3 creatures vanquished.

Notes
Turn   | Place    | Note
-------+----------+-------------------------------------------
     0 | D:5      | qw the Gargoyle Delver began the quest for the Orb.
     0 | D:5      | Reached XP level 1. HP: 14/14 MP: 1/1
     0 | D:5      | 0 ||| qw: Version: 0.1-a-117-gfe26ee0
     0 | D:5      | 0 ||| qw: Game counter: 10046
     0 | D:5      | 0 ||| qw: Always use a shield: true
     0 | D:5      | 0 ||| qw: God list: Okawaru
     0 | D:5      | 0 ||| qw: Allow faded altars: false
     0 | D:5      | 0 ||| qw: Do Orc after D:15 true
     0 | D:5      | 0 ||| qw: Do second Lair branch before Depths: true
     0 | D:5      | 0 ||| qw: Lair rune preference: random
     0 | D:5      | 0 ||| qw: Plans: Normal
     0 | D:5      | 0 ||| PLANNING D:1-11
     0 | D:5      | 0 ||| DROPPING scroll of fog.
     1 | D:5      | 1 ||| DROPPING scroll of magic mapping.
     2 | D:5      | 2 ||| DROPPING scroll of fear.
     9 | D:5      | 9 ||| FLEEEEING.
    10 | D:5      | 10 ||| STAIRDANCE
    16 | D:4      | Reached XP level 2. HP: 18/19 MP: 2/2
    73 | D:4      | Slain by a gnoll

Levels and vault maps discovered:
D:4:      layout_basic
D:5:      layout_cave_pools, mainiacjoe_overflow_small_starburst,
          serial_gnoll_camp, gnoll_camp_mini_doghouse, gnoll_camp_mini_hut,
          gnoll_camp_medium_02, gnoll_camp_medium_01, gnoll_camp_mini_doghouse,
          serial_shops, shop

Skill      XL: |  1 |
---------------+----+-----
Axes           | 2 |  2.5
Fighting       | |  3.2
Dodging        | |  1.5
Stealth        | |  5.4

Action                   || total
-------------------------++-------
Melee: Hand axe          ||     8
 Stab: Sleeping          ||     1
Armor: Leather armour    ||     1
Dodge: Dodged            ||     6

Table legend:
 A = Non-vault XP
 B = Vault XP
 C = Vault XP percentage of total XP
 D = Non-vault monster count
 E = Vault monster count
 F = Vault count percentage of total count
                 A         B        C        D         E       F
            +---------+---------+-------+---------+---------+-------
      Total |      18 |       0 |   0.0 |       3 |       0 |   0.0
            +---------+---------+-------+---------+---------+-------
        D:4 |      18 |       0 |   0.0 |       3 |       0 |   0.0
            +---------+---------+-------+---------+---------+-------
